[Event "*** Titled Tuesday Blitz"]
[Site "Chess.com"]
[Date "2020.12.01"]
[Round "5"]
[White "Cambek64"]
[Black "Everyfishknows"]
[Result "1-0"]
[WhiteElo "2276"]
[BlackElo "2451"]
[TimeControl "180+1"]
[EndTime "10:54:37 PST"]
[Termination "Cambek64 won by resignation"]

1. e4 Nf6 2. e5 Nd5 3. c4 Nb6 4. d4 d6 5. exd6 cxd6 6. Be3 g6 7.
Nc3 Bg7 8. Rc1 O-O 9. b3 Bf5 10. d5 N8d7 11. g4 e6 12. gxf5 exf5 13. Nf3 Re8 14. Be2 Ne5 15. Nxe5 Bxe5 16. Qd2 Qh4 17. Kd1 f4 18. Bd4 f3 19. Bxe5 fxe2+ 20. Nxe2 Rxe5 21.
Nc3 Rae8 22. Kc2 Qh3 23. Rce1 Qf5+ 24. Kb2 Kg7 25. Rxe5 Rxe5 26. Re1 Rxe1 27. Qxe1 Qd3 28. Nb5 Nc8 29. Qc3+ Qxc3+ 30. Kxc3 a6 31. Nd4 Kf6 32. Kd3 Ke5 33. Ke3 g5 34. Nf3+ Kf5 35. Ng1 Ke5 36.
Nf3+ Kf5 37. Ng1 b5 38. Kd4 bxc4 39. bxc4 Nb6 40. c5 dxc5+ 41. Kxc5 Na4+ 42. Kc6 Kf6 43. d6 Ke6 44. d7 Ke7 45. Kc7 1-0

[Event "*** Titled Tuesday Blitz"]
[Site "Chess.com"]
[Date "2020.12.01"]
[Round "5"]
[White "Tsyhanchuk_Stanislav"]
[Black "igorcadilhac"]
[Result "0-1"]
[WhiteElo "2236"]
[BlackElo "2466"]
[TimeControl "180+1"]
[EndTime "10:54:38 PST"]
[Termination "igorcadilhac won on time"]

1. d4 d5 2. Nf3 Nf6 3. c4 e6 4. g3 dxc4 5. Qa4+ Nbd7 6. Qxc4 a6 7. Bg2 b5 8. Qc2 Ra7 9. O-O c5 10. dxc5 Bxc5 11. a3 Rc7 12. Qd3 Bb7 13. b4 Be4 14. Qd1 Ba7 15. Bb2 O-O 16. Nbd2 Bd5 17. Re1 Bxf2+ 18.
Kxf2 Ng4+ 19. Kg1 Ne3 20. Qb1 Nf6 21. Rc1 Nfg4 22. Rxc7 Qxc7 23. Qd3 Rd8 24. Qc3 Qxc3 25.
Bxc3 Rc8 26. Rc1 Nxg2 27. Kxg2 Ne3+ 28. Kf2 Rxc3 29. Rxc3 Nd1+ 30. Ke1 Nxc3 31. e3 Kf8 32. Ne5 Ke7 0-1

[Event "*** Titled Tuesday Blitz"]
[Site "Chess.com"]
[Date "2020.12.01"]
[Round "5"]
[White "MartinMatthiesen"]
[Black "Borsuk_Konstantin"]
[Result "0-1"]
[WhiteElo "2392"]
[BlackElo "2572"]
[TimeControl "180+1"]
[EndTime "10:54:39 PST"]
[Termination "Borsuk_Konstantin won on time"]

1. d4 Nf6 2. c4 e6 3. Nf3 b6 4.
g3 Bb7 5. Bg2 g6 6. O-O Bg7 7.
Nc3 Ne4 8. Qc2 Nxc3 9. Qxc3 O-O 10. Bg5 Qc8 11. Qd2 Re8 12. Bh6 Bh8 13. Qf4 d6 14.
Ng5 f6 15. Bxb7 Qxb7 16. Ne4 Nd7 17. Nc3 f5 18. Qd2 Nf6 19. d5 e5 20. e4 Qc8 21.
Bg5 f4 22. Bxf6 Bxf6 23. Kg2 f3+ 24. Kxf3 Qh3 25. Ke2 Rf8 26. Qe3 Bg7 27. Nb5 Bh6 28. Qd3 Rf7 29. f3 a6 30. Nc3 Qxh2+ 31. Rf2 Qxg3 32.
Rh1 Qf4 33. b4 a5 34. a3 axb4 35. axb4 Bg5 36. Rg1 h6 37. Rh1 Ra3 38. Rg1 Kg7 39. Rh1 Rf8 40. Rg1 Rfa8 41. Rb1 Ra1 42. Rff1 Rxb1 43.
Rxb1 Qh2+ 44. Kd1 Ra3 0-1

[Event "*** Titled Tuesday Blitz"]
[Site "Chess.com"]
[Date "2020.12.01"]
[Round "5"]
[White "LionTheLeon_06"]
[Black "vladimirdamjanovic"]
[Result "1-0"]
[WhiteElo "2636"]
[BlackElo "2454"]
[TimeControl "180+1"]
[EndTime "10:54:40 PST"]
[Termination "LionTheLeon_06 won by checkmate"]

1. Nf3 Nf6 2. b4 g6 3. Bb2 Bg7 4. e3 d5 5. c4 c6 6. Be2 O-O 7. d4 Bf5 8. O-O Nbd7 9. Nc3 Ne4 10. Nh4 Nxc3 11. Bxc3 Be6 12. c5 Nf6 13. a4 Ne4 14. Bb2 Bd7 15. Nf3 f5 16. Ne5 f4 17. f3 Ng5 18. exf4 Rxf4 19. Bc1 Bxe5 20. dxe5 Rf5 21. Bd3 Rxe5 22. f4 Nh3+ 23. gxh3 Rh5 24. Bb2 Bxh3 25.
Rf2 Qd7 26. Qe2 Rf8 27. Re1 Rf7 28. Qe3 Rh4 29. Qe5 Rf6 30. Qxe7 Qxe7 31. Rxe7 Rfxf4 32. Be2 Rxf2 33. Kxf2 Rxb4 34. Be5 Re4 35. Bd3 Rxa4 36.
Rg7+ Kf8 37. Rxb7 Ra2+ 38. Ke3 Bf5 39. Bxf5 gxf5 40. Rxh7 Ra3+ 41. Kf4 a5 42. Kxf5 Rf3+ 43. Ke6 a4 44. Rh8# 1-0

[Event "*** Titled Tuesday Blitz"]
[Site "Chess.com"]
[Date "2020.12.01"]
[Round "5"]
[White "VladaSviridova"]
[Black "Gerodot71"]
[Result "0-1"]
[WhiteElo "2297"]
[BlackElo "2481"]
[TimeControl "180+1"]
[EndTime "10:54:40 PST"]
[Termination "Gerodot71 won by resignation"]

1. d4 Nf6 2. c4 e6 3. Nf3 d5 4. Nc3 Bb4 5. Bg5 h6 6. Bxf6 Qxf6 7. e3 O-O 8. Rc1 dxc4 9. Bxc4 c5 10. O-O cxd4 11.
Ne4 Qe7 12. Nxd4 Bd7 13. a3 Ba5 14. Be2 Nc6 15. b4 Bb6 16. Nf3 Rfd8 17. Qb3 Rac8 18. h3 Be8 19. Rfd1 Bc7 20. Rxd8 Rxd8 21. Rd1 Ne5 22.
Nxe5 Bxe5 23. f4 Bb8 24. Rxd8 Qxd8 25. Qd3 Qc7 26. Qc4 Qd8 27. Qd3 Qb6 28. Kf1 Bc6 29. Nc5 Qc7 30. g3 g6 31. Kf2 e5 32. Ne4 Qe7 33. Bf3 exf4 34. exf4 h5 35. Nc5 Bxf3 36.
Qxf3 b6 37. Ne4 Qe6 38. Kg2 Qa2+ 39. Nf2 Qd2 40. g4 hxg4 41. hxg4 Bxf4 42. Kf1 Bg5 43.
Ne4 Qc1+ 44. Kg2 Kg7 45. Nxg5 Qxg5 46. Kg3 f5 47. Kh3 Qxg4+ 48. Qxg4 fxg4+ 49. Kxg4 Kf6 50.
b5 Ke5 51. Kg5 Kd5 52. Kxg6 Kc4 53. Kf5 Kxb5 0-1

[Event "*** Titled Tuesday Blitz"]
[Site "Chess.com"]
[Date "2020.12.01"]
[Round "5"]
[White "Michaelson_11"]
[Black "Beca95"]
[Result "0-1"]
[WhiteElo "2178"]
[BlackElo "2888"]
[TimeControl "180+1"]
[EndTime "10:54:41 PST"]
[Termination "Beca95 won by resignation"]

1. e4 c5 2. Nf3 d6 3. d4 cxd4 4. Nxd4 Nf6 5. Nc3 a6 6. Nb3 h5 7.
Bg5 Nbd7 8. g3 e6 9. Bg2 Rb8 10. O-O Be7 11. Qd2 b5 12. Rad1 Qc7 13. Rfe1 b4 14.
Ne2 Ne5 15. Ned4 a5 16. f4 Nc4 17. Qe2 Nxb2 18. e5 Nxd1 19. Rxd1 dxe5 20. fxe5 Nd5 21.
Bxd5 Bxg5 22. Bf3 O-O 23. h4 Bh6 24. Bxh5 a4 25. Nc1 Bb7 26. Nd3 Rbd8 27. Qg4 Rxd4 28. Qxd4 Qc6 29. Kf2 Qxc2+ 30. Ke1 b3 31. axb3 axb3 32.
Nc5 Bd5 33. Nd7 Rc8 34. Qg4 b2 35. Nf6+ Kh8 36. Nxd5 b1=Q 37. Ne7 Qcxd1+ 38. Qxd1 Rc1 0-1

[Event "*** Titled Tuesday Blitz"]
[Site "Chess.com"]
[Date "2020.12.01"]
[Round "5"]
[White "Pikachess999"]
[Black "UCantHandleDenker"]
[Result "0-1"]
[WhiteElo "2348"]
[BlackElo "2522"]
[TimeControl "180+1"]
[EndTime "10:54:42 PST"]
[Termination "UCantHandleDenker won on time"]

1. e4 c5 2. a3 d6 3. b4 cxb4 4.
axb4 Nf6 5. Nc3 g6 6. Bc4 Bg7 7. Nf3 Nxe4 8. Nxe4 Bxa1 9. c3 d5 10. Bb5+ Nc6 11. Nc5 Qb6 12. Bxc6+ bxc6 13. Qa4 O-O 14. Qxa1 a5 15. d4 Bg4 16. bxa5 Bxf3 17. gxf3 Rxa5 18. Qb2 Rb5 19. Qc2 Ra8 20. O-O Ra1 21. Bf4 Rxf1+ 22. Kxf1 Rb1+ 23. Kg2 Qb5 24. Qd3 Qb2 25. Qd2 Qa1 26.
Bg3 Rg1+ 27. Kh3 Qf1+ 28. Kg4 Kg7 29. Qe3 h5+ 30. Kf4 Qh3 31. Qe5+ Kg8 32. Nd3 Rd1 33. Qe2 Qf5+ 34. Ke3 Rb1 0-1

[Event "*** Titled Tuesday Blitz"]
[Site "Chess.com"]
[Date "2020.12.01"]
[Round "5"]
[White "yobdc"]
[Black "Morshynska"]
[Result "1-0"]
[WhiteElo "2487"]
[BlackElo "2254"]
[TimeControl "180+1"]
[EndTime "10:54:42 PST"]
[Termination "yobdc won on time"]

1. d4 d5 2. Bf4 Nf6 3. e3 e6 4.
Nd2 Bd6 5. Bg3 O-O 6. Ngf3 c5 7. c3 b6 8. Bd3 Ba6 9. Bxa6 Nxa6 10. Ne5 Nb8 11.
f4 Nfd7 12. O-O f6 13. Nd3 Nc6 14. Qg4 Qe7 15. Rae1 c4 16. Nf2 f5 17. Qd1 b5 18.
Nf3 b4 19. Bh4 Qe8 20. g4 Nf6 21. Bxf6 Rxf6 22. Kh1 a5 23. Rg1 Rg6 24. Rg3 a4 25. cxb4 Nxb4 26. a3 Nd3 27. Nxd3 cxd3 28. gxf5 Rxg3 29.
hxg3 exf5 30. Qxd3 Qe4 31. Qxe4 fxe4 32. Ne5 Rb8 33. Re2 Rb3 34. Kg2 Bxe5 35. fxe5 Kf7 36.
Kf2 Ke6 37. Rc2 Kf5 38. Ke2 h5 39. Kf2 g5 40. Ke2 Kg4 41. Kf2 Rb7 42. Kg2 1-0

[Event "*** Titled Tuesday Blitz"]
[Site "Chess.com"]
[Date "2020.12.01"]
[Round "5"]
[White "MIJuanReyesRosa"]
[Black "GMJustin"]
[Result "0-1"]
[WhiteElo "2059"]
[BlackElo "2308"]
[TimeControl "180+1"]
[EndTime "10:54:42 PST"]
[Termination "GMJustin won by checkmate"]

1. e4 e5 2. Nf3 Nc6 3. Bb5 a6 4. Ba4 Nf6 5. d4 exd4 6. O-O Be7 7. e5 Nd5 8. Nxd4 Nb6 9. Nf5 O-O 10. Qf3 Nxa4 11.
Qg4 g6 12. Nxe7+ Qxe7 13. Qxa4 Qxe5 14. Nc3 d6 15. Bh6 Re8 16. h3 Bd7 17. Qb3 Rab8 18.
Rae1 Qxe1 19. Rxe1 Rxe1+ 20. Kh2 Nd4 21. Qd5 Nf5 22. Bf4 Bc6 23. Qd2 Rbe8 24. Nd5 Bxd5 25. Qxd5 c6 26. Qd2 d5 27. c4 R1e2 28. Qd4 Nxd4 29. cxd5 Rxf2 30. Bg3 Rfe2 31. h4 cxd5 32. Kh3 Nf5 33. h5 R2e3 34. Kg4 Rxg3+ 35. Kf4 Re4# 0-1

[Event "*** Titled Tuesday Blitz"]
[Site "Chess.com"]
[Date "2020.12.01"]
[Round "5"]
[White "jefferyx"]
[Black "Thjop"]
[Result "1-0"]
[WhiteElo "2913"]
[BlackElo "2628"]
[TimeControl "180+1"]
[EndTime "10:54:43 PST"]
[Termination "jefferyx won by checkmate"]

1. d4 Nf6 2. c4 g6 3. Nc3 Bg7 4. e4 O-O 5. Be2 d6 6. Be3 Na6 7. Nf3 e5 8. d5 Ng4 9. Bg5 f6 10. Bh4 h5 11. Nd2 Qe8 12. a3 Bd7 13. b4 c5 14. dxc6 bxc6 15. c5 Nc7 16. cxd6 Ne6 17. O-O Nd4 18. Bc4+ Kh7 19. h3 Nh6 20. Nb3 Nf7 21.
Bxf7 Rxf7 22. Nc5 Bf8 23. Ne2 Bxd6 24. Nxd4 exd4 25. Qxd4 Be5 26. Qd2 Bxa1 27. Rxa1 a5 28. bxa5 f5 29. Rd1 Bc8 30. Qb4 f4 31. Qc3 f3 32.
Rd8 Qxd8 33. Bxd8 fxg2 34. Bb6 g5 35. Kxg2 g4 36. h4 g3 37. f3 Rg7 38. Qe5 Rxa5 39. Bxa5 Bh3+ 40. Kg1 g2 41. Bc3 Rg6 42. Qh8# 1-0

[Event "*** Titled Tuesday Blitz"]
[Site "Chess.com"]
[Date "2020.12.01"]
[Round "5"]
[White "FMOlexandrProhorov"]
[Black "Sokoloco"]
[Result "0-1"]
[WhiteElo "2203"]
[BlackElo "2463"]
[TimeControl "180+1"]
[EndTime "10:54:44 PST"]
[Termination "Sokoloco won by resignation"]

1. e4 g6 2. d4 Bg7 3. Nc3 d6 4. f3 Nf6 5. Be3 Nc6 6. Qd2 h5 7. h4 a6 8. Nh3 b5 9. Ng5 e5 10. d5 Ne7 11. Be2 b4 12. Nd1 c5 13. dxc6 Nxc6 14. Bc4 O-O 15. Nf2 d5 16. exd5 Nd4 17. O-O-O Nxd5 18. g4 Nf4 19. Bxf4 exf4 20. gxh5 Bf5 21.
Nfe4 gxh5 22. Kb1 Nxf3 23. Qe2 Nd4 24. Qxh5 Qc7 25. Bb3 Nxb3 26. axb3 Rae8 27. Rhe1 Re5 28. Qf3 Rfe8 29. h5 Bxe4 30. h6 Bxf3 31. Nxf3 Rxe1 0-1

[Event "*** Titled Tuesday Blitz"]
[Site "Chess.com"]
[Date "2020.12.01"]
[Round "5"]
[White "cstevens1"]
[Black "hleol"]
[Result "1-0"]
[WhiteElo "2659"]
[BlackElo "2327"]
[TimeControl "180+1"]
[EndTime "10:54:44 PST"]
[Termination "cstevens1 won by resignation"]

1. e4 c6 2. d4 d5 3. e5 c5 4. dxc5 e6 5. Nf3 Nd7 6. c4 Nxc5 7. cxd5 Qxd5 8. Qxd5 exd5 9. Nc3 Be6 10. Bb5+ Nd7 11.
O-O O-O-O 12. Be3 Kb8 13. Rfd1 Ne7 14. Rac1 Ng6 15. Bxd7 Rxd7 16. Nb5 b6 17. Nbd4 Kb7 18.
h3 Bc5 19. a3 Rc8 20. Nxe6 Bxe3 21. Rxc8 Kxc8 22. Nxg7 Bf4 23. e6 fxe6 24. Nxe6 Kb7 25.
Nxf4 Nxf4 26. Kf1 Kc6 27. Ne5+ Kd6 28. Nxd7 Kxd7 29. g3 Ne6 30. Rxd5+ Kc6 31. Rh5 Nc5 32. Rxh7 Ne4 33. h4 Nd2+ 34. Ke2 Nc4 35. h5 Nxb2 36. h6 Nc4 37. Rxa7 Ne5 38. h7 Ng6 39. Rg7 Nh8 40. Rg8 Nf7 41. h8=Q 1-0

[Event "*** Titled Tuesday Blitz"]
[Site "Chess.com"]
[Date "2020.12.01"]
[Round "5"]
[White "jacky72"]
[Black "Oleksandr_Bortnyk"]
[Result "1/2-1/2"]
[WhiteElo "2723"]
[BlackElo "2881"]
[TimeControl "180+1"]
[EndTime "10:54:45 PST"]
[Termination "Game drawn by repetition"]

1. d4 Nf6 2. c4 d6 3. Nf3 g6 4. g3 Bg7 5. Bg2 Bd7 6. O-O Qc8 7. Nc3 Bh3 8. e4 Bxg2 9. Kxg2 Nc6 10. d5 Nd8 11. e5 dxe5 12. Nxe5 O-O 13. Re1 c6 14. Bg5 b5 15. cxb5 cxd5 16. Nxd5 Qb7 17. Bxf6 exf6 18. Nf3 Ne6 19. Nc3 Rad8 20. Qe2 Rfe8 21. Qe4 Qb8 22. Rad1 f5 23. Qc6 Rc8 24. Qd6 Bxc3 25. Qxb8 Rxb8 26. bxc3 Rxb5 27. Nd4 Rc5 28. Nxe6 Rxe6 29. Rxe6 fxe6 30. Rd8+ Kg7 31. Rd7+ Kh6 32. Rxa7 Rxc3 33. Re7 Rc6 34. h4 Ra6 35. a4 g5 36. hxg5+ Kxg5 37. Rxh7 Rxa4 38.
f4+ Kg6 39. Rb7 Ra2+ 40. Kf3 Ra1 41. Kg2 Kf6 42. Kf3 Ra2 43. Ke3 Ra3+ 44. Kf2 Kg6 45. Rc7 Rb3 46. Rd7 Kf6 47. Rc7 Rb6 48. Rd7 Ra6 49. Rb7 e5 50. fxe5+ Kxe5 51. Rb5+ Kf6 52. Kg2 Ra4 53. Kh3 Ra3 54. Rb8 Ra1 55. Kg2 Ra2+ 56. Kh3 Ra1 57. Kg2 Ra2+ 58. Kh3 Ra1 1/2-1/2

[Event "*** Titled Tuesday Blitz"]
[Site "Chess.com"]
[Date "2020.12.01"]
[Round "5"]
[White "PenguinPacks"]
[Black "bazar-wokzal"]
[Result "1-0"]
[WhiteElo "2390"]
[BlackElo "2523"]
[TimeControl "180+1"]
[EndTime "10:54:45 PST"]
[Termination "PenguinPacks won on time"]

1. Nf3 c5 2. c4 g6 3. d4 Bg7 4.
dxc5 Nf6 5. Nc3 O-O 6. e4 Na6 7.
Be3 Ng4 8. Bd4 e5 9. Be3 Nxe3 10. fxe3 Nxc5 11. Be2 d6 12. O-O b6 13. b4 Ne6 14.
Qd2 Re8 15. Rad1 Bf8 16. Nb5 Bb7 17. Nxd6 Bxd6 18. Qxd6 Qxd6 19. Rxd6 f6 20. c5 bxc5 21. Bc4 cxb4 22. Bxe6+ Kh8 23. Bf7 Re7 24. Rxf6 Bxe4 25.
Ng5 Bd3 26. R1f2 Rc8 27. h4 a5 28. Bb3 Rcc7 29. Rf8+ Kg7 30. Ne6+ Rxe6 31. Bxe6 Kh6 32. g4 Be4 33. Kh2 Rc3 34. Rh8 Kg7 35. Rg8+ Kh6 36.
Rf7 1-0

[Event "*** Titled Tuesday Blitz"]
[Site "Chess.com"]
[Date "2020.12.01"]
[Round "5"]
[White "ShahMatKanal"]
[Black "Enriquack"]
[Result "0-1"]
[WhiteElo "2482"]
[BlackElo "2284"]
[TimeControl "180+1"]
[EndTime "10:54:45 PST"]
[Termination "Enriquack won on time"]

1. c4 e5 2. Nc3 Nf6 3. e4 Bb4 4. Bd3 d6 5. Nge2 Nbd7 6. a3 Bc5 7. b4 Bb6 8. Na4 Bd4 9. Rb1 O-O 10. O-O Re8 11. Ng3 a5 12. Bb2 Ba7 13. Kh1 Nf8 14. Bc2 axb4 15. axb4 Be6 16. Qe2 Ng6 17. d3 Nf4 18.
Qd2 Ng4 19. Nf5 Bxf5 20. exf5 Qh4 21. h3 Nxh3 22. g3 Nhxf2+ 23. Kg2 Qh2+ 24. Kf3 Qh5 25. Kg2 Qh3+ 26. Kf3 Nh2+ 27. Ke2 Qg2 28. Rg1 Qf3+ 29. Ke1 Nhg4 30. Qe2 Qc6 31. b5 Qd7 32. Bd1 Qxf5 33.
Qf3 Qg6 34. Be2 e4 0-1

[Event "*** Titled Tuesday Blitz"]
[Site "Chess.com"]
[Date "2020.12.01"]
[Round "5"]
[White "Triumphmate"]
[Black "Tejas_Rama"]
[Result "1-0"]
[WhiteElo "2396"]
[BlackElo "2228"]
[TimeControl "180+1"]
[EndTime "10:54:46 PST"]
[Termination "Triumphmate won by checkmate"]

1. e4 e5 2. Nf3 Nc6 3. Nc3 Nf6 4. Bb5 Bb4 5. O-O O-O 6. d3 Bxc3 7. bxc3 d6 8. Bg5 Qe7 9. Re1 Nd8 10. d4 Ne6 11. Bh4 Nf4 12. h3 Ng6 13. Bg3 Nh5 14. Bf1 Nxg3 15.
fxg3 f5 16. exf5 Bxf5 17. dxe5 dxe5 18. Qd5+ Be6 19. Qxb7 Qc5+ 20. Kh2 Rab8 21. Qa6 Bd5 22. Nxe5 Rb6 23. Qd3 Rbf6 24. Nxg6 Rxg6 25. Re5 c6 26. c4 Qd6 27. Rae1 Bf7 28. c5 Qf6 29. Rf5 Qb2 30. Qf3 Qxa2 31. Re4 h6 32. Bc4 Bxc4 33. Rxf8+ Kh7 34. Ree8 Rf6 35. Qe4+ g6 36. Rh8+ Kg7 37. Qe7+ Rf7 38. Reg8# 1-0

[Event "*** Titled Tuesday Blitz"]
[Site "Chess.com"]
[Date "2020.12.01"]
[Round "5"]
[White "zala02"]
[Black "Trickov"]
[Result "0-1"]
[WhiteElo "2161"]
[BlackElo "2346"]
[TimeControl "180+1"]
[EndTime "10:54:46 PST"]
[Termination "Trickov won by resignation"]

1. d4 d5 2. c4 c6 3. Nf3 Nf6 4. e3 Bf5 5. Nc3 e6 6. Nh4 Bg4 7. Qb3 Qb6 8. h3 Bh5 9. g4 Bg6 10. Bd2 Qxb3 11. axb3 Bc2 12. cxd5 exd5 13. f3 Bxb3 14.
e4 dxe4 15. fxe4 Nbd7 16. Bd3 a6 17. O-O c5 18. d5 Ne5 19. Be2 Bc4 20. Rae1 Bxe2 21.
Rxe2 Nfd7 22. Bf4 c4 23. Nf5 h5 24. g5 g6 25. Nd4 Bc5 26. Be3 O-O 27. Kg2 Rac8 28.
Nc2 Bxe3 29. Nxe3 b5 30. Rd1 Nc5 31. d6 Ncd3 32. Ncd5 Rcd8 33. Nf6+ Kg7 34. b3 Rxd6 35. bxc4 Nf4+ 36. Kf2 Rxd1 0-1

[Event "*** Titled Tuesday Blitz"]
[Site "Chess.com"]
[Date "2020.12.01"]
[Round "5"]
[White "Blackmind96"]
[Black "GothamChess"]
[Result "0-1"]
[WhiteElo "2758"]
[BlackElo "2581"]
[TimeControl "180+1"]
[EndTime "10:54:47 PST"]
[Termination "GothamChess won by checkmate"]

1. d4 Nf6 2. c4 e5 3. dxe5 Ng4 4. Bf4 Nc6 5. Nf3 Bb4+ 6. Nbd2 Qe7 7. e3 Ngxe5 8.
Nxe5 Nxe5 9. a3 Bxd2+ 10. Qxd2 d6 11. Be2 O-O 12. O-O b6 13. f3 a5 14. b3 Ba6 15.
Rac1 Rfe8 16. Bg3 Bb7 17. Rfe1 Nd7 18. e4 Nc5 19. Qc3 f6 20. Bf1 Qf7 21. b4 axb4 22. axb4 Nd7 23. Red1 Kh8 24. Bf2 f5 25. exf5 Qxf5 26.
Bd4 Qg5 27. c5 bxc5 28. bxc5 Nf6 29. cxd6 cxd6 30. Bxf6 gxf6 31. Rxd6 Rac8 32. Bc4 Rxc4 33. Qxc4 Bxf3 34. Qf1 Qe3+ 35. Kh1 Bxg2+ 36. Qxg2 Qxc1+ 37. Qg1 Qf4 38. Qg3 Qf1+ 39. Qg1 Qf3+ 40. Qg2 Re1# 0-1

[Event "*** Titled Tuesday Blitz"]
[Site "Chess.com"]
[Date "2020.12.01"]
[Round "5"]
[White "Gusarov91"]
[Black "gmpeter008"]
[Result "0-1"]
[WhiteElo "2633"]
[BlackElo "2439"]
[TimeControl "180+1"]
[EndTime "10:54:47 PST"]
[Termination "gmpeter008 won by checkmate"]

1. d4 Nf6 2. Nf3 e6 3. c4 Bb4+ 4. Bd2 a5 5. Qc2 d5 6. g3 O-O 7. Bg2 c6 8. O-O b6 9. Bg5 Be7 10. Nbd2 Nbd7 11. Rfc1 Ba6 12. e3 Rc8 13. Qd1 c5 14. cxd5 Nxd5 15. Bxe7 Qxe7 16. a3 cxd4 17. Nxd4 Ne5 18. Qh5 Rxc1+ 19. Rxc1 Nd3 20. Rc6 Qf6 21. Ne4 Qd8 22. Ng5 Nf6 23. Qe2 Nb4 24.
Qf3 Nxc6 25. Qxc6 e5 26. Nb5 Qd1+ 27. Bf1 h6 28. Nh3 Ng4 29. Qxb6 Ra8 30. a4 Qxa4 31.
Qc6 Rc8 32. Qxa6 Rc1 33. Nc3 Qd7 34. Qa8+ Kh7 35. Qe4+ f5 36. Qc4 e4 37. Nf4 Qd2 38.
Nh3 Qe1 39. Qb5 Kg6 40. Qa6+ Nf6 41. Nf4+ Kg5 42. h4+ Kg4 43. Qb7 Qxf1+ 44. Kh2 Qh1# 0-1

[Event "*** Titled Tuesday Blitz"]
[Site "Chess.com"]
[Date "2020.12.01"]
[Round "5"]
[White "Massakru"]
[Black "Atousa1"]
[Result "1-0"]
[WhiteElo "2313"]
[BlackElo "2472"]
[TimeControl "180+1"]
[EndTime "10:54:47 PST"]
[Termination "Massakru won by resignation"]

1. e4 c5 2. Nf3 e6 3. c3 Nf6 4.
e5 Nd5 5. d4 cxd4 6. cxd4 d6 7.
a3 Nc6 8. Bd3 Bd7 9. O-O Be7 10.
Re1 dxe5 11. dxe5 Qc7 12. Bd2 h6 13. Nc3 O-O-O 14. Nxd5 exd5 15. Rc1 Kb8 16. Bf4 Be6 17. b4 g5 18. Be3 Qd7 19. Bb5 Rc8 20. Nd4 Rc7 21.
Qa4 Rhc8 22. Nxc6+ bxc6 23. Ba6 Rg8 24. Qa5 g4 25. Bxh6 Bd8 26. Qc5 Ka8 27. Be3 Be7 28. Qd4 Bg5 29. Bxg5 Rxg5 30. b5 cxb5 31. Rxc7 Qxc7 32.
Bxb5 Rg8 33. Qf4 Rb8 34. Rc1 Qa5 35. Bc6+ Rb7 36. Rb1 Bc8 37. Qxf7 Qa6 38. Bxb7+ Bxb7 39. Qxb7+ Qxb7 40. Rxb7 Kxb7 41. h4 Kc7 42. h5 Kd7 43. h6 Ke7 44. h7 Kf7 45. h8=Q 1-0

[Event "*** Titled Tuesday Blitz"]
[Site "Chess.com"]
[Date "2020.12.01"]
[Round "5"]
[White "Roza_Idrisova"]
[Black "andrzej"]
[Result "1-0"]
[WhiteElo "2187"]
[BlackElo "2370"]
[TimeControl "180+1"]
[EndTime "10:54:47 PST"]
[Termination "Roza_Idrisova won on time"]

1. d4 Nf6 2. Nf3 g6 3. c4 Bg7 4. Nc3 O-O 5. e4 d6 6. Be2 e5 7. O-O exd4 8. Nxd4 Re8 9. Bf3 h5 10. Re1 Bg4 11. Bg5 c6 12. h3 Bc8 13. Qd2 Nbd7 14. Rad1 Ne5 15. Be2 Qc7 16. f4 Ned7 17. Bf3 Nh7 18. Bh4 Nc5 19. Nb3 Nxb3 20. axb3 Qb6+ 21. Bf2 Qxb3 22. Qxd6 Qxc4 23. e5 Qxf4 24. Rd4 Qf5 25. Bg3 Ng5 26. Rf4 Qe6 27. Qxe6 Nxf3+ 28. Rxf3 Bxe6 29.
Rfe3 a5 30. Rd1 a4 31. Ra1 b5 32. Ne4 Bd5 33. Nc3 Bc4 34. Kf2 Bf8 35. Ne4 Kg7 36. Bh4 Be7 37. Nf6 Bxf6 38. Bxf6+ Kf8 39. g4 b4 40. gxh5 gxh5 41. Rg3 h4 42. Rg4 Bd3 43. Rxh4 1-0

[Event "*** Titled Tuesday Blitz"]
[Site "Chess.com"]
[Date "2020.12.01"]
[Round "5"]
[White "Azerichess"]
[Black "Funo09"]
[Result "1-0"]
[WhiteElo "2959"]
[BlackElo "2755"]
[TimeControl "180+1"]
[EndTime "10:54:48 PST"]
[Termination "Azerichess won on time"]

1. d4 Nf6 2. c4 Nc6 3. Nc3 e5 4. dxe5 Nxe5 5. e3 Bb4 6. Bd2 a5 7. a3 Bc5 8. f4 Nc6 9. Qf3 O-O 10. h3 Re8 11. O-O-O Qe7 12. Kb1 d6 13. Bd3 a4 14.
g4 Be6 15. g5 Nd7 16. Nd5 Bxd5 17. cxd5 Na5 18. e4 Nb3 19. Bc3 Bd4 20. Ne2 Bxc3 21.
Nxc3 Ndc5 22. Bc2 b5 23. Rhe1 Rab8 24. Na2 Na5 25. Nb4 Qd7 26. e5 Nc4 27. Nc6 Rb6 28.
h4 b4 29. axb4 Na6 30. Bxa4 Nxb4 31. Qc3 Qf5+ 32. Ka1 Ra8 33. b3 Rxc6 34. dxc6 Nc2+ 35. Ka2 Nxe1 36. Rxe1 Nb6 37. exd6 cxd6 38. c7 h5 39. Qc6 Qc8 40. Qxb6 1-0

[Event "*** Titled Tuesday Blitz"]
[Site "Chess.com"]
[Date "2020.12.01"]
[Round "5"]
[White "PelinGorki"]
[Black "ENajer77"]
[Result "0-1"]
[WhiteElo "2418"]
[BlackElo "2678"]
[TimeControl "180+1"]
[EndTime "10:54:48 PST"]
[Termination "ENajer77 won by resignation"]

1. e4 c6 2. Nc3 d5 3. d3 e5 4.
f4 exf4 5. Bxf4 Nf6 6. Qe2 Be7 7. O-O-O O-O 8. e5 Bg4 9. exf6 Bxe2 10. fxe7 Qxe7 11. Bxe2 Nd7 12. d4 b5 13. Bd3 b4 14.
Nce2 a5 15. Nf3 a4 16. Rde1 b3 17. axb3 axb3 18. cxb3 Qb4 19. Kc2 c5 20. Bd6 Rfb8 21.
Bxb8 Rxb8 22. Nc1 c4 23. bxc4 dxc4 24. Bf5 Qxb2+ 25. Kd1 Nf6 26. Re2 Qa3 27. Rhe1 g6 28. Bc2 Nd5 29. Re8+ Rxe8 30. Rxe8+ Kg7 31. Re5 Ne3+ 32.
Kd2 Nxg2 33. Ng5 Qb4+ 34. Ke2 Qc3 35. Kd1 Ne3+ 36. Rxe3 Qxe3 37. Ne4 Qxd4+ 38. Ke2 f5 39. Nd2 Qe5+ 40. Kf2 Qxh2+ 41. Ke3 f4+ 0-1

[Event "*** Titled Tuesday Blitz"]
[Site "Chess.com"]
[Date "2020.12.01"]
[Round "5"]
[White "profofchess"]
[Black "theredking89"]
[Result "0-1"]
[WhiteElo "2423"]
[BlackElo "2636"]
[TimeControl "180+1"]
[EndTime "10:54:48 PST"]
[Termination "theredking89 won by checkmate"]

1. e4 c5 2. Nf3 d6 3. c3 Nf6 4.
Bc4 e6 5. Qe2 Be7 6. Bb3 O-O 7.
O-O Nc6 8. d4 b6 9. Rd1 cxd4 10.
cxd4 Bb7 11. Nc3 Rc8 12. Bg5 h6 13. Be3 Na5 14. Bc2 Nc4 15. Bc1 Re8 16. e5 Nd7 17. Bd3 Na5 18. Nb5 dxe5 19. Nxe5 a6 20. Nc3 b5 21.
Qg4 Nf6 22. Qg3 Kf8 23. Bg6 b4 24. Nxf7 Qc7 25. Bf4 Qc6 26. Ne5 Qxg2+ 27. Qxg2 Bxg2 28.
Kxg2 bxc3 29. Bxe8 cxb2 30. Rab1 Kxe8 31. Rxb2 Nd5 32. Bg3 Nc4 33. Nxc4 Rxc4 34. Rb8+ Kf7 35. Rb7 g5 36. Bd6 Kf6 37. Bxe7+ Nxe7 38. Re1 Nd5 39. Ra7 Nf4+ 40. Kf3 Ra4 41. Rb7 Rxa2 42. Rb6 Ra3+ 43.
Kg4 h5# 0-1

[Event "*** Titled Tuesday Blitz"]
[Site "Chess.com"]
[Date "2020.12.01"]
[Round "5"]
[White "FontVella8"]
[Black "serhanberat_ozdemir"]
[Result "0-1"]
[WhiteElo "2496"]
[BlackElo "2362"]
[TimeControl "180+1"]
[EndTime "10:54:48 PST"]
[Termination "serhanberat_ozdemir won by resignation"]

1. d4 Nf6 2. Nf3 g6 3. c4 Bg7 4. Nc3 O-O 5. e4 d6 6. Be2 Bg4 7. O-O Nfd7 8. h3 Bxf3 9. Bxf3 c5 10. d5 Na6 11. Be2 Nc7 12. Qc2 a6 13. a4 e6 14. Re1 exd5 15. exd5 f5 16. Bf4 Ne5 17. Bf1 Nf7 18. Qd2 Qf6 19. Re2 Rfe8 20. Rae1 Rxe2 21. Rxe2 Re8 22. Rxe8+ Nxe8 23. Qe2 Kf8 24. Bd2 Qe5 25.
Qxe5 Bxe5 26. Nd1 Nf6 27. Bc3 Ne4 28. Bxe5 Nxe5 29. Be2 Nd2 30. Ne3 f4 31. Ng4 Nexc4 32.
Nf6 Kg7 33. b3 Kxf6 34. bxc4 Ke5 35. Bg4 Nxc4 36. Bc8 b5 37. Bxa6 bxa4 38. Bxc4 Kd4 39.
Ba2 Kc3 40. Kf1 a3 41. Ke1 Kb2 42. Bc4 a2 43. Bxa2 Kxa2 44. Kd2 Kb3 45. g3 fxg3 46. fxg3 c4 47. Kc1 c3 0-1